 Dungeon Crawl Stone Soup version 0.28-a0-802-g09f76e8c00 (webtiles) character file.

Game seed: 13518561810278594847

54 ytrimaz the Chopper (level 3, -2/49 HPs)
             Began as a Minotaur Berserker on Nov 6, 2021.
             Was a Believer of Trog.
             Slain by Grinder (3 damage)
             ... while paralysed by Grinder
             ... on level 3 of the Dungeon.
             The game lasted 00:02:53 (2600 turns).

ytrimaz the Chopper (Minotaur Berserker)            Turns: 2600, Time: 00:02:54

Health: -2/49      AC:  5    Str: 28    XL:     3   Next: 66%
Magic:  2/2        EV:  2    Int:  4    God:    Trog [**....]
Gold:   27         SH:  0    Dex:  9    Spells: 2/2 levels left

rFire   . . .      SeeInvis .   a - +0 hand axe
rCold   . . .      Faith    .   (no shield)
rNeg    . . .      Spirit   .   h - +0 ring mail
rPois   .          Reflect  .   (helmet restricted)
rElec   .          Harm     .   (no cloak)
rCorr   .          Rampage  .   (no gloves)
Will    .....                   (no boots)
Stlth   ..........              (no amulet)
HPRegen 0.16/turn               f - +6 ring of strength
MPRegen 0.08/turn               (no ring)

@: paralysed, berserking, lethally poisoned (-2 -> -5)
A: horns 2, retaliatory headbutt
a: Renounce Religion, Berserk, Trog's Hand


You were on level 3 of the Dungeon.
You worshipped Trog.
Trog was pleased with you.
You visited 1 branch of the dungeon, and saw 3 of its levels.

You collected 27 gold pieces.

Inventory:

Hand Weapons
 a - a +0 hand axe (weapon)
Armour
 h - a +0 ring mail (worn)
Jewellery
 f - a +6 ring of strength (left hand)
Scrolls
 c - a scroll of noise
 d - a scroll of teleportation
 g - a scroll of identify
Potions
 e - a potion of invisibility


   Skills:
 + Level 4.2 Fighting
 * Level 0.7 Long Blades
 + Level 4.2 Axes
 * Level 2.9 Armour
 * Level 3.0 Dodging


You had 2 spell levels left.
You didn't know any spells.
Your spell library was empty.

Dungeon Overview and Level Annotations

Branches:
Dungeon (3/15)

Altars:

Shops:
D:2 =(

Annotations:
D:3 2 transporters, Grinder


Innate Abilities, Weirdness & Mutations

You have a pair of horns on your head.
You reflexively headbutt those who attack you in melee.


Message History

You start removing your armour.
You continue taking off your +0 animal skin. x4
You finish taking off your +0 animal skin.
You start putting on your armour.
You continue putting on your +0 ring mail. x5
You finish putting on your +0 ring mail.
You drop a +0 animal skin.
You feel stronger.
f - a +6 ring of strength (left hand)
You see here a +0 hand axe.
There is a stone staircase leading down here.
You climb downwards.
The ufetubus shouts!
Grinder shouts!
The adder hisses angrily.
You hear a shout! x2
Found five items.
Found two transporters.
There is a stone staircase leading up here.
Grinder gestures at you.
You barely resist. You hit Grinder. Your headbutt misses Grinder.
Grinder is lightly wounded.
Grinder hits you!
You writhe in agony.
You hit Grinder. You headbutt Grinder!
Grinder is heavily wounded.
Grinder hits you.
You writhe in agony.
A red film seems to cover your vision as you go berserk!
You feel yourself moving faster!
You feel mighty! The adder bites you but does no damage.
Grinder gestures at you.
You suddenly lose the ability to move!
The adder bites you but does no damage. The adder bites you.
You are poisoned.
The adder poisons you! Grinder gestures at you. Pain shoots through your body!
* * * LOW HITPOINT WARNING * * *
* * * LOW HITPOINT WARNING * * *
You feel sick. The adder bites you but does no damage. Grinder hits you.
* * * LOW HITPOINT WARNING * * *
You writhe in agony.
You die...

##########
#........#
#.........
#........# .
#........#####..
.........#.....©
...........#####
......5@<=##8.o.
......S...#5....
#..#####..#5...©
# #..#D....
#..#©....
...#...!.
##.#.....
.#!.$)$


You could see Grinder, a steam dragon, an adder, an orc and 2 ufetubi.

Vanquished Creatures
  An adder (D:2)
  A worm (D:2)
  A dart slug (D:2)
  3 bats
  4 endoplasms
  5 hobgoblins
  3 quokkas (D:1)
  8 ball pythons
  A frilled lizard (D:2)
  5 goblins
  3 kobolds
  2 rats (D:2)
37 creatures vanquished.

Notes
Turn   | Place    | Note
-------+----------+-------------------------------------------
     0 | D:1      | ytrimaz the Minotaur Berserker began the quest for the Orb.
     0 | D:1      | Reached XP level 1. HP: 19/19 MP: 0/0
   533 | D:1      | Reached XP level 2. HP: 26/27 MP: 1/1
   692 | D:1      | Found a faded altar of an unknown god.
  1703 | D:2      | Reached ** piety under Trog
  1707 | D:2      | Reached XP level 3. HP: 26/33 MP: 2/2
  1863 | D:2      | Found Taven's Weapon Boutique.
  2014 | D:2      | Found Niffel's Jewellery Boutique.
  2594 | D:3      | Noticed a steam dragon
  2594 | D:3      | Noticed Grinder
  2594 | D:3      | Found a transporter.
  2594 | D:3      | Found a transporter.
  2598 | D:3      | Paralysed by Grinder for 6 turns
  2600 | D:3      | HP: 1/49 [Grinder (2)]
  2600 | D:3      | Slain by Grinder

Illustrated notes

Levels and vault maps discovered:
D:1:      roderic_dead_forest, layout_basic, ebering_ecumenical_altar_mist
D:2:      layout_loops_corners, serial_shops, shop, shop_fountains
D:3:      layout_basic, gammafunk_temple_overflow_arena, serial_shops, shop,
          due_unseen_surprise, uniq_jessica, uniq_grinder, uniq_sigmund

Skill      XL: |  1  2  3 |
---------------+----------+-----
Axes           | 4 |  4.2
Fighting       | 4 |  4.2
Dodging        | 3 |  3.0
Long Blades    | |  0.7
Armour         | |  2.9

Action                   || total
-------------------------++-------
Melee: Hand axe          ||    90
       Headbutt          ||    16
Invok: Berserk           ||     1
  Use: Scroll            ||     3
 Stab: Sleeping          ||     3
Armor: Animal skin       ||    15
       Ring mail         ||     3
Dodge: Dodged            ||    34

Table legend: (Time is in decaauts)
 A = Elapsed time spent in this place.
 B = Non-inter-level travel time spent in this place.
 C = Inter-level travel time spent in this place.
 D = Time resting spent in this place.
 E = Time spent auto-exploring this place.
 F = Levels seen in this place.
 G = Mean time per level.
                   A        B        C        D        E       F      G
               +--------+--------+--------+--------+--------+-----+--------+
         Total |   2608 |   2552 |     56 |      0 |   2233 |   3 |  869.3 |
       Dungeon |   2608 |   2552 |     56 |      0 |   2233 |   3 |  869.3 |
               +--------+--------+--------+--------+--------+-----+--------+

Top non-repeatable levels by time:
     D:1: 1569 daAuts
     D:2: 1032 daAuts
     D:3: 5 daAuts
